 Dungeon Crawl Stone Soup version 0.22-a0-93-g6b88ebb (webtiles) character file.

102 KarmaPolice the Chopper (level 4, -1/35 HPs)
             Began as a Demonspawn Gladiator on Jan 24, 2018.
             Slain by an orc priest (2 damage)
             ... on level 3 of the Dungeon.
             The game lasted 00:04:26 (2197 turns).

KarmaPolice the Chopper (Demonspawn Gladiator)      Turns: 2197, Time: 00:04:27

Health: -1/35      AC:  4    Str: 16    XL:     4   Next: 50%
Magic:  4/4        EV: 14    Int:  9    God:
Gold:   94         SH:  0    Dex: 14    Spells: 3/3 levels left

rFire    . . .     SeeInvis .   a - +0 war axe
rCold    . . .     Gourm    .   (no shield)
rNeg     . . .     Faith    .   b - +0 leather armour
rPois    .         Spirit   .   c - +0 helmet
rElec    .         Reflect  .   (no cloak)
rCorr    .         Harm     .   (no gloves)
MR       .....                  (no boots)
Stlth    +.........             (no amulet)
HPRegen  0.11/turn              (no ring)
MPRegen  0.09/turn              (no ring)

@: no status effects
A: repulsion field 1, spiny 1
a: no special abilities


You were on level 3 of the Dungeon.
You were not hungry.

You visited 1 branch of the dungeon, and saw 3 of its levels.

You collected 94 gold pieces.

Inventory:

Hand Weapons
 a - a +0 war axe (weapon)
Missiles
 d - 3 throwing nets
 h - 80 stones (quivered)
 n - 6 tomahawks
Armour
 b - a +0 leather armour (worn)
 c - a +0 helmet (worn)
Scrolls
 e - a scroll of random uselessness {unknown}
 j - a scroll of identify {unknown}
 l - a scroll of amnesia {unknown}
 m - a scroll of remove curse {unknown}
Potions
 g - 3 potions of might {unknown}
 i - a potion of heal wounds {unknown}
 o - a potion of haste {unknown}
Comestibles
 f - 2 rations
 k - 4 chunks of flesh


   Skills:
 + Level 3.2 Fighting
 + Level 3.5 Axes
 + Level 2.8 Throwing
 - Level 2.6 Dodging


You had 3 spell levels left.
You didn't know any spells.

Dungeon Overview and Level Annotations

Branches:
Dungeon (3/15)

Altars:
Fedhas


Innate Abilities, Weirdness & Mutations

You are surrounded by a mild repulsion field. (EV +2)
You are partially covered in sharp spines.


Message History

The orc is struck by your spines.
You kill the orc!
The orc closely misses you.
The orc priest invokes the aid of Beogh against you.
Beogh smites you!
* * * LOW HITPOINT WARNING * * *
You barely miss the orc.
The orc is severely wounded.
You closely miss the orc priest. The orc is struck by your spines.
You kill the orc!
The orc priest closely misses you.
You barely miss the orc priest.
The orc priest is moderately wounded.
You slash the kobold!
You kill the kobold!
The orc priest mumbles some strange prayers to Beogh against you.
Pain shoots through your body!
* * * LOW HITPOINT WARNING * * *
The orc priest hits you.
You die...

###### ###P..P#
#.P.PP÷## #####
##..P.÷P##### #.....
#P.PP.P#...# #$.K...
#####P.....# .......
#.....÷...# .......
#.........#######.......
#.....<.....)@g.........
#.............o.........
#.........######........
#.........# ###......
#.........# ......
####......# .....
###..### ..... ...# ....
....


You could see an orc priest and a goblin.

Vanquished Creatures
  4 adders
  A worm (D:2)
  2 dart slugs
  4 leopard geckos
  4 orcs
  6 bats
  A giant cockroach (D:2)
  4 goblins
  6 hobgoblins
  6 kobolds
  A quokka (D:2)
  6 frilled lizards
  6 rats
51 creatures vanquished.

Notes
Turn   | Place    | Note
-------+----------+-------------------------------------------
     0 | D:1      | KarmaPolice the Demonspawn Gladiator began the quest for the Orb.
     0 | D:1      | Reached XP level 1. HP: 16/16 MP: 1/1
   229 | D:1      | Gained mutation: You are surrounded by a mild repulsion field. (EV +2) [demonic ancestry]
   229 | D:1      | Reached XP level 2. HP: 20/22 MP: 2/2
   957 | D:1      | Gained mutation: You are partially covered in sharp spines. [demonic ancestry]
   957 | D:1      | Reached XP level 3. HP: 28/28 MP: 3/3
  1084 | D:2      | Found a faded altar of an unknown god.
  1529 | D:2      | Reached XP level 4. HP: 34/34 MP: 4/4
  1681 | D:2      | Found a blossoming altar of Fedhas.
  2197 | D:3      | HP: 1/35 [orc priest/nerve-wracking pain (8)]
  2197 | D:3      | Slain by an orc priest

Vault maps used:
D:1:      denvon_arrival_waterhouse
D:2:      old_standard_altar, chequers_ecumenical_altar_simple_redux,
          minmay_item_behind_shaft
D:3:      overflow_temple_1_default, first_ration, minmay_lizard_king

Skill      XL: |  1  2  3  4 |
---------------+-------------+-----
Throwing       | 2 |  2.8
Axes           | 3 |  3.5
Fighting       | 3 |  3.2
Dodging        | |  2.6

Action                   |  1- 3 |  4- 6 || total
-------------------------+-------+-------++-------
Melee: War axe           |    75 |    33 ||   108
  Eat: Chunk             |     1 |     3 ||     4
Armor: Leather armour    |    25 |     7 ||    32
Dodge: Dodged            |    78 |    27 ||   105

Table legend:
 A = Spawn XP
 B = Non-spawn XP
 C = Spawn XP percentage of total XP
 D = Spawn monster count
 E = Non-spawn monster count
 F = Spawn count percentage of total count
 G = Total turns spent on level
                    A         B        C        D         E        F      G
               +---------+---------+-------+---------+---------+-------+---------
         Total |       0 |     147 |   0.0 |       0 |      51 |   0.0 |  2197
               +---------+---------+-------+---------+---------+-------+---------
           D:1 |       0 |      62 |   0.0 |       0 |      21 |   0.0 |  1166
           D:2 |       0 |      67 |   0.0 |       0 |      21 |   0.0 |   965
           D:3 |       0 |      18 |   0.0 |       0 |       9 |   0.0 |    66
               +---------+---------+-------+---------+---------+-------+---------
